Map: Dusk Towers

Players

Solar

  • Race: Zerg Zerg

LiquidSnute (Snute) - Winner!

  • Race: Zerg Zerg

Event: Root's WW3

VOD

Have the link to the VOD?

Description

Time

  • Played on: Dec. 12, 2015, 6:40 a.m.
  • Length: 3:48

All games in this series

Show
View Real Time Build Order
Export as new Build Order

Solar Zerg 

Build Orders: Hatch First 

Get SALT Encoding   

  12  0:01  Drone  
  13  0:12  Overlord  
  13  0:18  Drone  
  14  0:31  Drone x2  
  14  0:35  Drone  
  17  0:52  Hatchery  
  17  0:55  Drone  
  17  0:59  Drone  
  18  1:08  Extractor  
  18  1:09  Drone  
  18  1:17  Spawning Pool  
  17  1:21  Drone  
  18  1:28  Drone  
  19  1:39  Overlord  
  20  1:54  Drone  
  20  2:03  Zergling x2  
  20  2:04  Queen x2  
  20  2:07  Zergling x2  
  26  2:16  Zergling x4  
  26  2:22  Baneling Nest  
  27  2:26  Zergling x2  
  25  2:39  Zergling x4  
  27  2:45  Zergling x2  
  27  2:46  Zergling x2  
  29  2:54  Zergling x2  
  29  2:55  Zergling x2  
  26  3:06  Queen  
  26  3:07  Baneling  
  26  3:10  Zergling x6  
  25  3:21  Zergling x4  
Show
View Real Time Build Order
Export as new Build Order

LiquidSnute Zerg - Winner!

Build Orders: Pool Only 

Get SALT Encoding   

  12  0:00  Drone  
  13  0:21  Spawning Pool  
  13  0:24  Drone  
  13  0:30  Extractor  
  13  0:31  Drone  
  13  0:36  Drone  
  14  0:45  Overlord  
  14  1:08  Queen  
  14  1:09  Zergling x4  
  14  1:10  Zergling x2  
  19  1:20  Zergling x2  
  20  1:30  Zergling x2  
  20  1:31  Metabolic Boost  
  21  1:41  Zergling x2  
  22  1:51  Baneling Nest  
  22  1:52  Overlord  
  21  2:02  Zergling x2  
  22  2:18  Zergling x8  
  26  2:30  Zergling x2  
  27  2:37  Baneling x2  
  27  2:41  Zergling x2  
  28  2:49  Baneling x2  
  27  2:57  Zergling x2  
  27  2:58  Zergling x4  
  25  3:11  Baneling x2  
  24  3:13  Zergling x2  
  23  3:20  Zergling x2  
  23  3:23  Baneling  
Tags
 
Add a new tag
Caveats
  • Supply blocks, unpowered buildings, or Contaminate may cause inaccurate times.
  • Supply counts are checked every 10 seconds.